Map: [ESL] Site Delta

Players

trigger

  • Race: Protoss Protoss
  • Spawn Location: 5:00

Scarlett - Winner!

  • Race: Zerg Zerg
  • Spawn Location: 11:00

Event: IEM Katowice 2024

VOD

Have the link to the VOD?

Description

Time

  • Played on: Feb. 9, 2024, 6:37 a.m.
  • Length: 10:27

All games in this series

Show
View Real Time Build Order
Export as new Build Order

trigger Protoss 

Build Orders: 1 Gate Expand, Oracle Opening 

Get SALT Encoding   

  12  0:00  Probe  
  13  0:12  Probe  
  14  0:20  Pylon  
  14  0:24  Probe  
  15  0:38  Probe (Chrono Boost)  
  15  0:39  Gateway  
  16  0:47  Probe (Chrono Boost)  
  17  0:50  Assimilator  
  17  0:52  Probe (Chrono Boost)  
  18  1:04  Probe  
  19  1:16  Probe  
  20  1:25  Nexus  
  20  1:36  Cybernetics Core  
  20  1:38  Probe  
  21  1:45  Assimilator  
  21  1:51  Probe  
  22  1:54  Pylon  
  22  2:02  Probe  
  23  2:10  Adept (Chrono Boost)  
  23  2:11  Probe  
  26  2:19  Stargate, Probe  
  26  2:29  Probe  
  27  2:32  Adept (Chrono Boost)  
  27  2:33  Warp Gate  
  30  2:38  Probe  
  30  2:42  Probe  
  32  2:50  Probe  
  33  2:53  Adept (Chrono Boost)  
  33  2:54  Probe  
  36  3:01  Oracle (Chrono Boost)  
  36  3:02  Probe  
  40  3:06  Probe  
  40  3:10  Pylon  
  41  3:14  Probe  
  41  3:18  Probe  
  43  3:21  Gateway  
  43  3:26  Probe  
  44  3:29  Pylon  
  44  3:30  Probe  
  44  3:31  Oracle (Chrono Boost)  
  48  3:45  Probe x2  
  48  3:47  Pylon  
  50  3:50  Gateway  
  49  3:57  Probe  
  50  4:04  Probe  
  50  4:09  Probe  
  48  4:10  Oracle  
  48  4:14  Nexus  
  48  4:15  Pylon  
  51  4:19  Probe  
  51  4:22  Adept x2  
  56  4:25  Probe  
  56  4:30  Assimilator  
  56  4:31  Probe  
  58  4:33  Assimilator  
  58  4:37  Probe  
  59  4:42  Adept x2  
  59  4:43  Adept, Probe  
  66  4:49  Probe  
  67  4:55  Probe  
  67  4:57  Twilight Council  
  68  5:03  Probe  
  69  5:07  Probe  
  69  5:09  Forge  
  70  5:25  Gateway  
  70  5:26  Probe x2  
  70  5:28  Pylon  
  72  5:34  Blink (Chrono Boost)  
  68  5:36  Probe  
  68  5:37  Shield Battery  
  68  5:38  Probe x2  
  68  5:39  Stalker  
  68  5:40  Stalker x2  
  71  5:44  Protoss Ground Weapons Level 1  
  71  5:45  Shield Battery  
  71  5:48  Probe  
  70  5:50  Probe x2  
  72  5:58  Photon Cannon  
  72  6:00  Probe  
  72  6:02  Probe x2  
  72  6:03  Stalker x3  
  81  6:12  Probe  
  81  6:13  Shield Battery  
  81  6:16  Probe  
  83  6:18  Shield Battery  
  83  6:20  Pylon  
  83  6:21  Probe  
  83  6:24  Stalker  
  83  6:25  Probe  
  86  6:28  Stalker x3  
  86  6:32  Probe  
  93  6:35  Assimilator  
  93  6:39  Assimilator, Templar Archives, Probe  
  94  6:40  Pylon  
  94  6:41  Probe  
  94  6:44  Probe  
  96  6:51  Robotics Facility, Probe  
  96  6:53  Probe  
  98  7:05  Psionic Storm  
  98  7:06  Gateway  
  98  7:08  Gateway, Pylon  
  98  7:09  Probe  
  98  7:15  Nexus  
  99  7:16  Pylon  
  99  7:19  Charge  
  99  7:20  High Templar x2  
  103  7:30  Photon Cannon  
  103  7:32  High Templar  
  103  7:33  Shield Battery, Pylon  
  103  7:34  Stalker  
  107  7:39  Probe x2  
  109  7:44  Warp Prism (Chrono Boost)  
  109  7:45  Probe  
  109  7:46  Protoss Ground Weapons Level 2 (Chrono Boost)  
  111  8:06  Probe  
  111  8:11  Probe  
  111  8:14  Warp Prism (Chrono Boost)  
  111  8:15  Stalker x6  
  125  8:27  Gateway  
  125  8:30  Gateway  
  125  8:34  Gateway  
  125  8:38  Photon Cannon  
  125  8:39  Phoenix (Chrono Boost)  
  125  8:41  Stalker x6  
  139  8:43  Immortal  
  139  8:46  Photon Cannon  
  141  8:55  Stargate  
  141  9:05  Stalker x3  
  129  9:18  Stalker x3  
  129  9:23  Probe x3 (Chrono Boost)  
  115  9:26  Zealot  
  100  9:35  Probe x3 (Chrono Boost)  
  100  9:37  Zealot x2  
  100  9:38  Zealot  
  107  9:41  Zealot x2  
  107  9:43  Probe x2 (Chrono Boost)  
  109  9:49  Assimilator, Probe  
  107  9:55  Pylon  
  107  9:57  Pylon  
  107  9:59  Pylon  
  105  10:07  High Templar x2  
  105  10:09  Pylon  
  105  10:12  Archon, Pylon  
  96  10:21  Zealot x2  
Show
View Real Time Build Order
Export as new Build Order

Scarlett Zerg - Winner!

Build Orders: Hatch First 

Get SALT Encoding   

  12  0:00  Drone  
  13  0:12  Overlord  
  13  0:16  Drone  
  14  0:30  Drone x2  
  16  0:44  Drone  
  17  0:51  Hatchery  
  17  0:54  Drone  
  17  0:58  Drone  
  18  1:08  Extractor  
  17  1:13  Spawning Pool  
  17  1:17  Drone  
  17  1:19  Drone  
  18  1:28  Drone  
  19  1:39  Drone  
  20  1:51  Overlord  
  20  1:59  Queen  
  22  2:03  Drone, Queen  
  22  2:04  Zergling x2  
  26  2:10  Metabolic Boost  
  26  2:13  Zergling x2  
  27  2:17  Drone  
  27  2:22  Drone  
  29  2:25  Drone  
  30  2:36  Hatchery  
  29  2:38  Zergling x2  
  29  2:43  Queen  
  32  2:46  Drone  
  32  2:50  Overlord  
  33  2:57  Zergling x2  
  34  2:59  Zergling x2  
  34  3:01  Drone  
  36  3:09  Overlord  
  36  3:10  Queen  
  36  3:11  Drone  
  39  3:13  Drone  
  39  3:16  Drone  
  39  3:18  Drone  
  42  3:23  Drone  
  42  3:24  Drone  
  44  3:35  Drone x2, Queen  
  48  3:41  Drone x4  
  52  3:49  Queen, Overlord  
  52  3:54  Drone  
  55  3:59  Spore Crawler  
  52  4:05  Drone x5  
  52  4:08  Drone  
  53  4:10  Drone  
  53  4:15  Drone x2  
  56  4:19  Drone  
  56  4:20  Drone x2  
  59  4:24  Evolution Chamber  
  59  4:28  Drone x3  
  59  4:30  Drone  
  62  4:34  Drone x3  
  62  4:36  Overlord  
  65  4:40  Zergling x2  
  65  4:41  Overlord  
  65  4:44  Overlord  
  66  4:55  Drone  
  66  4:56  Zerg Melee Weapons Level 1, Zergling x10, Spore Crawler  
  71  5:02  Zergling x12  
  76  5:08  Drone  
  76  5:10  Spore Crawler  
  76  5:13  Drone  
  77  5:15  Drone  
  77  5:19  Drone x4  
  82  5:31  Hatchery  
  82  5:33  Drone  
  82  5:34  Drone x7  
  88  5:36  Lair  
  88  5:39  Baneling Nest  
  88  5:40  Extractor  
  88  5:41  Extractor  
  85  5:44  Drone x4  
  85  5:45  Extractor  
  85  5:46  Drone x2, Extractor  
  88  5:51  Drone x2  
  88  5:55  Extractor  
  89  6:01  Drone  
  89  6:09  Drone, Overlord  
  90  6:13  Overlord  
  90  6:16  Roach Warren  
  89  6:19  Overlord  
  87  6:26  Overlord  
  87  6:29  Overlord  
  87  6:30  Overlord  
  87  6:31  Drone x11  
  96  6:42  Centrifugal Hooks  
  96  6:44  Spire  
  96  6:45  Drone x10  
  105  6:50  Hatchery  
  105  6:52  Zerg Melee Weapons Level 2  
  104  6:54  Zergling x6  
  104  6:56  Spore Crawler  
  104  6:58  Zergling x8  
  110  7:02  Glial Reconstitution  
  110  7:04  Zergling x4, Extractor  
  110  7:06  Overlord x2  
  111  7:08  Overseer  
  111  7:11  Roach x2  
  115  7:16  Roach x3  
  121  7:23  Roach x5  
  131  7:31  Overlord x3  
  131  7:33  Zergling x8  
  131  7:34  Zergling x4  
  137  7:43  Drone x2  
  137  7:44  Drone x3  
  140  7:51  Zergling x8  
  145  7:55  Mutalisk  
  145  7:56  Mutalisk x6  
  159  7:59  Mutalisk  
  159  8:04  Mutalisk x2  
  165  8:07  Zergling x16  
  164  8:13  Zergling x4  
  164  8:17  Zergling x4  
  168  8:20  Zergling x4  
  168  8:25  Zergling x4  
  172  8:27  Zergling x8  
  172  8:32  Overlord x2  
  172  8:34  Roach x4  
  184  8:38  Roach x3  
  190  8:42  Baneling x23  
  190  8:51  Overlord  
  190  8:53  Zergling x20  
  197  9:04  Zergling x4  
  197  9:09  Zergling x20  
  197  9:16  Mutalisk x3  
  184  9:22  Zergling x4  
  183  9:27  Roach x5  
  180  9:33  Roach x9  
  180  9:36  Zergling x2  
  188  9:40  Infestation Pit  
  175  9:46  Zergling x10  
  178  9:56  Zergling x12  
  178  9:58  Baneling x9  
  180  10:05  Zergling x18  

Tags
 
Add a new tag
Caveats
  • Supply blocks, unpowered buildings, or Contaminate may cause inaccurate times.
  • Supply counts are checked every 10 seconds.